Jets vs Sharks
Created - January 19, 2020 at 19:52
Goals
|
Jets |
3 |
0 |
0 |
3 |
Sharks |
0 |
1 |
0 |
1 |
|
Shots
|
Jets |
14 |
14 |
4 |
32 |
Sharks |
4 |
16 |
7 |
27 |
|
1st period
1. Jets , Evgeny Dadonov 18 (Derek Stepan 36, Marcus Johansson 16) at 1:36
2. Jets , Derek Stepan 14 (Evgeny Dadonov 16, Jaccob Slavin 2) at 12:51
3. Jets , Derek Roy 7 (Reilly Smith 9, Erik Haula 7) at 16:56
Penalties :
Ronalds Kenins (Win) for Delaying the game (Minor) at 6:01, Drew Doughty (SJS) for Holding (Minor) at 17:20
2nd period
4. Sharks , Zach Boychuk 3 (Drew Doughty 35) at 13:50
Penalties :
Martins Karsums (SJS) for Tripping (Minor) at 3:51, Mike Cammalleri (SJS) for Slashing (Minor) at 11:14
3rd period
No Goal
Penalties :
Jason Spezza (SJS) for Tripping (Minor) at 3:29, Brenden Morrow (Win) for Roughing (Minor) at 11:33, Bobby Butler (SJS) for Roughing (Minor) at 16:06
Goalie Stats
Jonathan Bernier (Win), 26 saves from 27 shots - (0.963), W, 10-8-2, 60:00 minutes
Ryan Miller (SJS), 29 saves from 32 shots - (0.906), L, 12-13-3, 60:00 minutes
Players Stats for Jets
Player Name G A P +/- PIM S H SB GA TA FO MP PP MP PK MP
------------------------------------------------------------------------------------
Brenden Morrow 0 0 0 -1 2 1 2 0 0 1 0/0 12:50 0:07 0:00
Derek Roy 1 0 1 1 0 2 1 0 1 0 9/14 17:57 5:13 2:45
Derek Stepan 1 1 2 2 0 6 2 2 0 0 10/22 19:51 4:35 0:00
Eric Gelinas 0 0 0 1 0 0 5 1 1 0 0/0 19:42 3:20 1:50
Erik Haula 0 1 1 1 0 0 4 0 0 0 0/1 17:47 5:13 2:43
Evgeny Dadonov 1 1 2 2 0 2 1 0 1 0 1/2 18:26 5:13 0:00
Jaccob Slavin 0 1 1 1 0 0 0 0 0 2 0/0 13:57 0:00 0:00
Jared Spurgeon 0 0 0 1 0 0 1 2 0 1 0/0 15:07 0:00 2:08
Kevin Hayes 0 0 0 0 0 1 0 0 1 0 0/0 8:31 0:00 0:00
Marco Scandella 0 0 0 0 0 3 2 2 0 1 0/0 27:04 6:35 1:50
Marcus Johansson 0 1 1 2 0 2 2 0 2 0 1/3 20:24 4:35 0:25
Nino Niederreiter 0 0 0 -1 0 2 1 1 2 0 1/3 19:06 4:35 0:50
Noel Acciari 0 0 0 0 0 2 1 0 0 0 2/6 10:36 0:07 1:13
Oscar Klefbom 0 0 0 1 0 3 0 0 0 1 0/0 17:49 3:20 0:00
Reilly Smith 0 1 1 1 0 3 0 0 0 0 0/0 10:24 0:07 0:00
Ronalds Kenins 0 0 0 0 2 2 1 0 0 0 1/1 8:32 0:00 0:00
Sam Gagner 0 0 0 -1 0 1 0 0 0 0 3/7 11:36 0:00 0:00
Tyler Myers 0 0 0 0 0 2 3 1 1 0 0/0 26:21 6:35 2:08
Players Stats for Sharks
Player Name G A P +/- PIM S H SB GA TA FO MP PP MP PK MP
------------------------------------------------------------------------------------
Alec Martinez 0 0 0 0 0 0 0 0 0 1 0/0 11:05 0:00 0:49
Andrej Sekera 0 0 0 -1 0 0 4 3 0 2 0/0 22:25 1:15 4:29
Ben Lovejoy 0 0 0 -1 0 3 3 1 0 0 0/0 27:21 2:43 5:26
Bobby Butler 0 0 0 -3 2 1 0 0 0 0 0/3 18:05 2:28 0:00
Brandon Dubinsky 0 0 0 0 0 2 4 0 0 0 3/10 13:59 1:30 1:23
David Rundblad 0 0 0 -1 0 1 1 0 0 1 0/0 15:07 0:00 0:00
Drew Doughty 0 1 1 -1 2 3 0 1 2 1 0/0 27:54 2:43 4:07
Jason Spezza 0 0 0 -3 2 3 2 1 0 1 18/30 23:02 2:28 4:17
Jiri Tlusty 0 0 0 1 0 1 0 0 1 1 1/1 7:22 0:00 0:00
Luke Adam 0 0 0 1 0 0 0 1 0 0 1/2 7:22 0:00 0:00
Martins Karsums 0 0 0 0 2 4 1 0 0 0 1/1 12:35 1:30 0:00
Matt Corrente 0 0 0 0 0 0 1 2 0 1 0/0 16:10 1:15 4:59
Mike Cammalleri 0 0 0 -3 2 1 2 3 0 0 2/2 23:03 2:28 4:28
Milan Michalek 0 0 0 0 0 3 0 0 0 0 0/0 16:36 1:30 4:08
Oskar Osala 0 0 0 0 0 2 5 0 0 0 0/0 12:25 0:00 0:19
Stefan Ruzicka 0 0 0 0 0 1 0 0 2 1 1/3 15:02 0:00 3:28
T.J. Hensick 0 0 0 0 0 1 0 0 1 0 3/6 13:05 0:00 1:47
Zach Boychuk 1 0 1 1 0 1 1 0 0 0 1/1 7:22 0:00 0:00
3 Stars
1 - Derek Stepan (Win)
2 - Evgeny Dadonov (Win)
3 - Jonathan Bernier (Win)
Power Play
Jets - 0 on 5 Attempt(s) - 0.00%
Sharks - 0 on 2 Attempt(s) - 0.00%
Penalty Kill
Jets - 2 on 2 Attempt(s) - 100.00%
- Score 0 goal in Penalty Kill
Sharks - 5 on 5 Attempt(s) - 100.00%
- Score 0 goal in Penalty Kill
Team Stat
Jets - Hits : 26 - Faceoff Wins : 28 - Blocked Shots : 9 - Penalty Minutes : 4
Sharks - Hits : 24 - Faceoff Wins : 31 - Blocked Shots : 12 - Penalty Minutes : 10
Official
Referees : Unknown
Linesman : Unknown
Game Notes
No Game Note
Finance
Level 1 -- Attendance: 4218 (70.30%) -- Ticket Income $485,070
Level 2 -- Attendance: 3529 (70.58%) -- Ticket Income $264,675
Level 3 -- Attendance: 1515 (75.75%) -- Ticket Income $75,750
Level 4 -- Attendance: 3555 (88.88%) -- Ticket Income $106,650
Luxury Box -- Attendance: 803 (80.30%) -- Ticket Income $168,630
Game was played at the Hockey Place Center.
Total Attendance: 13620 (75.67%)
Total Ticket Income: $1,100,775
Other Income: $165,116
Total Income: $1,265,891
Jets
5 vs 5 Forward
Center Left Wing Right Wing Time % Phy DF OF
1 Derek Stepan Marcus Johansson Evgeny Dadonov 36 0 1 4
2 Sam Gagner Brenden Morrow Nino Niederreiter 29 0 1 4
3 Derek Roy Erik Haula Reilly Smith 25 0 1 4
4 Noel Acciari Ronalds Kenins Kevin Hayes 10 2 2 1
5 vs 5 Defense
Defense Defense Time % Phy DF OF
1 Marco Scandella Tyler Myers 37 1 2 2
2 Eric Gelinas Jared Spurgeon 29 1 2 2
3 Oscar Klefbom Jaccob Slavin 24 1 2 2
4 Marco Scandella Eric Gelinas 10 1 2 2
PowerPlay Forward
Center Left Wing Right Wing Time % Phy DF OF
1 Derek Stepan Marcus Johansson Nino Niederreiter 60 0 0 5
2 Derek Roy Erik Haula Evgeny Dadonov 40 0 0 5
PowerPlay Defense
Defense Defense Time % Phy DF OF
1 Tyler Myers Marco Scandella 60 0 1 4
2 Eric Gelinas Oscar Klefbom 40 0 1 4
Penalty Kill 4 Players Forward
Center Wing Time % Phy DF OF
1 Derek Roy Erik Haula 60 0 4 1
2 Noel Acciari Nino Niederreiter 40 0 4 1
Penalty Kill 4 Players Defense
Defense Defense Time % Phy DF OF
1 Tyler Myers Jared Spurgeon 60 1 3 1
2 Eric Gelinas Marco Scandella 40 1 3 1
Penalty Kill - 3 Players Forward
Forward Time % Phy DF OF
1 Nino Niederreiter 60 0 4 1
2 Erik Haula 40 0 4 1
Penalty Kill - 3 Players Defense
Defense Defense Time % Phy DF OF
1 Tyler Myers Marco Scandella 60 0 5 0
2 Jared Spurgeon Eric Gelinas 40 0 5 0
4 vs 4 Forward
Center Wing Time % Phy DF OF
1 Derek Stepan Marcus Johansson 60 1 2 2
2 Sam Gagner Evgeny Dadonov 40 1 2 2
4 vs 4 Defense
Defense Defense Time % Phy DF OF
1 Marco Scandella Eric Gelinas 60 1 2 2
2 Tyler Myers Oscar Klefbom 40 1 2 2
Last Minutes Offensive
Center Left Wing Right Wing Defense Defense
Derek Stepan Marcus Johansson Evgeny Dadonov Tyler Myers Marco Scandella
Last Minutes Defensive
Center Left Wing Right Wing Defense Defense
Noel Acciari Erik Haula Nino Niederreiter Tyler Myers Marco Scandella
Goaltenders
Starting : Jonathan Bernier
Backup : Kari Lehtonen
Extra Forwards
Normal : Erik Haula, Derek Stepan, Derek Roy - PP : Derek Stepan, Erik Haula - PK : Erik Haula
Extra Defensemen
Normal : Tyler Myers, Marco Scandella, Eric Gelinas - PP : Marco Scandella - PK : Marco Scandella, Tyler Myers
Penalty Shots
Derek Stepan, Marcus Johansson, Evgeny Dadonov, Erik Haula, Noel Acciari
Scratches
Jacob Trouba (Suspend), Jason Akeson (Healthy)
Sharks
5 vs 5 Forward
Center Left Wing Right Wing Time % Phy DF OF
1 Jason Spezza Mike Cammalleri Bobby Butler 40 1 2 2
2 Brandon Dubinsky Milan Michalek Martins Karsums 30 1 2 2
3 T.J. Hensick Oskar Osala Stefan Ruzicka 20 1 2 2
4 Luke Adam Zach Boychuk Jiri Tlusty 10 1 2 2
5 vs 5 Defense
Defense Defense Time % Phy DF OF
1 Drew Doughty Ben Lovejoy 40 1 2 2
2 Andrej Sekera David Rundblad 30 1 2 2
3 Alec Martinez Matt Corrente 20 1 2 2
4 Andrej Sekera Drew Doughty 10 1 2 2
PowerPlay Forward
Center Left Wing Right Wing Time % Phy DF OF
1 Jason Spezza Mike Cammalleri Bobby Butler 60 1 2 2
2 Brandon Dubinsky Milan Michalek Martins Karsums 40 1 2 2
PowerPlay Defense
Defense Defense Time % Phy DF OF
1 Drew Doughty Ben Lovejoy 60 1 2 2
2 Andrej Sekera Matt Corrente 40 1 2 2
Penalty Kill 4 Players Forward
Center Wing Time % Phy DF OF
1 Jason Spezza Mike Cammalleri 60 1 4 0
2 T.J. Hensick Milan Michalek 40 1 4 0
Penalty Kill 4 Players Defense
Defense Defense Time % Phy DF OF
1 Drew Doughty Ben Lovejoy 60 1 4 0
2 Andrej Sekera Matt Corrente 40 1 4 0
Penalty Kill - 3 Players Forward
Forward Time % Phy DF OF
1 Jason Spezza 60 1 4 0
2 T.J. Hensick 40 1 4 0
Penalty Kill - 3 Players Defense
Defense Defense Time % Phy DF OF
1 Drew Doughty Ben Lovejoy 60 1 4 0
2 Andrej Sekera Matt Corrente 40 1 4 0
4 vs 4 Forward
Center Wing Time % Phy DF OF
1 Jason Spezza Mike Cammalleri 60 1 2 2
2 T.J. Hensick Milan Michalek 40 1 2 2
4 vs 4 Defense
Defense Defense Time % Phy DF OF
1 Drew Doughty Ben Lovejoy 60 1 2 2
2 Andrej Sekera Alec Martinez 40 1 2 2
Last Minutes Offensive
Center Left Wing Right Wing Defense Defense
Jason Spezza Mike Cammalleri Bobby Butler Drew Doughty Ben Lovejoy
Last Minutes Defensive
Center Left Wing Right Wing Defense Defense
Jason Spezza Milan Michalek T.J. Hensick Drew Doughty Andrej Sekera
Goaltenders
Starting : Ryan Miller
Backup : Anders Nilsson
Extra Forwards
Normal : Oskar Osala, Zach Boychuk, Stefan Ruzicka - PP : Oskar Osala, Zach Boychuk - PK : Stefan Ruzicka
Extra Defensemen
Normal : David Rundblad, Matt Corrente, Alec Martinez - PP : David Rundblad - PK : Matt Corrente, Alec Martinez
Penalty Shots
Jason Spezza, Mike Cammalleri, Milan Michalek, Brandon Dubinsky, Oskar Osala
Scratches
Adam Larsson (Healthy), Nikolai Kulemin (Healthy)
% Time on Ice - Jets
Lines # - Real PCT - Wanted PCT - Time Play
Normal Forward
1 - 36% - 36% - 16:24
2 - 25% - 29% - 11:38
3 - 21% - 25% - 9:34
4 - 18% - 10% - 8:31
Normal Defense
1 - 38% - 37% - 17:38
2 - 29% - 29% - 13:31
3 - 29% - 24% - 13:25
4 - 3% - 10% - 1:33
PP Forward
1 - 47% - 60% - 4:42
2 - 53% - 40% - 5:13
PP Defense
1 - 66% - 60% - 6:35
2 - 34% - 40% - 3:20
PK Forward
1 - 79% - 60% - 3:08
2 - 21% - 40% - 0:50
PK Defense
1 - 54% - 60% - 2:08
2 - 46% - 40% - 1:50
PK3 Forward
1 - 0% - 60%
2 - 0% - 40%
PK3 Defense
1 - 0% - 60%
2 - 0% - 40%
44 Forward
1 - 0% - 60%
2 - 0% - 40%
44 Defense
1 - 0% - 60%
2 - 0% - 40%
Last Minute Offensive - 0:00
Last Minute Defensive - 0:00
Total
Forward - 60:00
Defense - 60:00
|
% Time on Ice - Sharks
Lines # - Real PCT - Wanted PCT - Time Play
Normal Forward
1 - 36% - 40% - 16:42
2 - 23% - 30% - 10:45
3 - 25% - 20% - 11:18
4 - 16% - 10% - 7:22
Normal Defense
1 - 42% - 40% - 19:13
2 - 32% - 30% - 14:49
3 - 22% - 20% - 10:13
4 - 4% - 10% - 1:52
PP Forward
1 - 62% - 60% - 2:28
2 - 38% - 40% - 1:30
PP Defense
1 - 68% - 60% - 2:43
2 - 32% - 40% - 1:15
PK Forward
1 - 82% - 60% - 8:08
2 - 18% - 40% - 1:47
PK Defense
1 - 56% - 60% - 5:35
2 - 44% - 40% - 4:20
PK3 Forward
1 - 0% - 60%
2 - 0% - 40%
PK3 Defense
1 - 0% - 60%
2 - 0% - 40%
44 Forward
1 - 0% - 60%
2 - 0% - 40%
44 Defense
1 - 0% - 60%
2 - 0% - 40%
Last Minute Offensive - 0:00
Last Minute Defensive - 0:00
Total
Forward - 60:00
Defense - 60:00
|
Play-by-Play
1st period
0:01 of 1st period - Jason Spezza wins face-off versus Derek Stepan in neutral zone.
0:13 of 1st period - Drew Doughty is hit by Marco Scandella and loses puck.
1:36 of 1st period - Slapshot by Evgeny Dadonov.
1:36 of 1st period - Goal by Evgeny Dadonov - Jets : 1 - Sharks : 0.
1:37 of 1st period - Nino Niederreiter wins face-off versus Brandon Dubinsky in neutral zone.
2:02 of 1st period - Mike Cammalleri is hit by Erik Haula and loses puck.
3:07 of 1st period - Snap shot by Mike Cammalleri.
3:07 of 1st period - Shot Misses the Net.
3:09 of 1st period - Snap shot by Andrej Sekera.
3:09 of 1st period - Shot Blocked by Marco Scandella.
3:17 of 1st period - Brenden Morrow is hit by Andrej Sekera and loses puck.
4:44 of 1st period - Nino Niederreiter is hit by Matt Corrente and loses puck.
4:55 of 1st period - Nino Niederreiter is hit by Andrej Sekera.
4:59 of 1st period - Wrist shot by Oskar Osala.
4:59 of 1st period - Shot Misses the Net.
5:01 of 1st period - Slapshot by Andrej Sekera.
5:01 of 1st period - Shot Misses the Net.
5:07 of 1st period - Jared Spurgeon is hit by Ben Lovejoy and loses puck.
5:14 of 1st period - Snap shot by Brenden Morrow.
5:14 of 1st period - Shot Misses the Net.
5:37 of 1st period - Andrej Sekera is hit by Derek Roy and loses puck.
5:42 of 1st period - Snap shot by Derek Roy.
5:42 of 1st period - Shot Misses the Net.
5:44 of 1st period - Snap shot by Reilly Smith.
5:44 of 1st period - Stopped by Ryan Miller with a rebound.
6:01 of 1st period - Minor Penalty to Ronalds Kenins for Delaying the game.
6:02 of 1st period - Derek Roy wins face-off versus Jason Spezza in Jets zone.
6:09 of 1st period - Off-side.
6:10 of 1st period - Jason Spezza wins face-off versus Erik Haula in neutral zone.
7:06 of 1st period - Wrist shot by Jason Spezza.
7:06 of 1st period - Stopped by Jonathan Bernier without a rebound.
7:07 of 1st period - Derek Roy wins face-off versus Brandon Dubinsky in Jets zone.
7:22 of 1st period - Snap shot by Brandon Dubinsky.
7:22 of 1st period - Deflect By Milan Michalek.
7:22 of 1st period - Shot Misses the Net.
7:22 of 1st period - Puck is out of play.
7:23 of 1st period - Noel Acciari wins face-off versus Brandon Dubinsky in Jets zone.
8:01 of 1st period - Penalty to Ronalds Kenins is over, Ronalds Kenins is back on ice.
8:12 of 1st period - Snap shot by Derek Stepan.
8:12 of 1st period - Stopped by Ryan Miller without a rebound.
8:13 of 1st period - T.J. Hensick wins face-off versus Derek Stepan in Sharks zone.
8:13 of 1st period - T.J. Hensick is hit by Derek Stepan.
8:35 of 1st period - Slapshot by Derek Stepan.
8:35 of 1st period - Shot Misses the Net.
8:40 of 1st period - Off-side.
8:41 of 1st period - Derek Roy wins face-off versus Jason Spezza in neutral zone.
8:50 of 1st period - Slapshot by Derek Roy.
8:50 of 1st period - Shot Misses the Net.
8:52 of 1st period - Slapshot by Tyler Myers.
8:52 of 1st period - Shot Misses the Net.
8:56 of 1st period - Snap shot by Derek Roy.
8:56 of 1st period - Shot Misses the Net.
8:58 of 1st period - Slapshot by Tyler Myers.
8:58 of 1st period - Shot Blocked by Jason Spezza.
9:10 of 1st period - Slapshot by Ronalds Kenins.
9:10 of 1st period - Stopped by Ryan Miller with a rebound.
9:12 of 1st period - Wrist shot by Ronalds Kenins.
9:12 of 1st period - Shot Misses the Net.
9:14 of 1st period - Slapshot by Marco Scandella.
9:14 of 1st period - Deflect By Noel Acciari.
9:14 of 1st period - Stopped by Ryan Miller without a rebound.
9:15 of 1st period - Martins Karsums wins face-off versus Noel Acciari in Sharks zone.
9:20 of 1st period - Kevin Hayes is hit by Martins Karsums and loses puck.
9:35 of 1st period - Snap shot by Brandon Dubinsky.
9:35 of 1st period - Shot Misses the Net.
9:55 of 1st period - Slapshot by Noel Acciari.
9:55 of 1st period - Shot Misses the Net.
10:01 of 1st period - Kevin Hayes is hit by Brandon Dubinsky and loses puck.
10:16 of 1st period - Slapshot by Brandon Dubinsky.
10:16 of 1st period - Stopped by Jonathan Bernier with a rebound.
10:18 of 1st period - Slapshot by David Rundblad.
10:18 of 1st period - Deflect By Milan Michalek.
10:18 of 1st period - Stopped by Jonathan Bernier with a rebound.
10:26 of 1st period - Snap shot by Milan Michalek.
10:26 of 1st period - Stopped by Jonathan Bernier without a rebound.
10:27 of 1st period - Mike Cammalleri wins face-off versus Derek Stepan in Jets zone.
10:34 of 1st period - Slapshot by Marco Scandella.
10:34 of 1st period - Stopped by Ryan Miller with a rebound.
10:36 of 1st period - Snap shot by Tyler Myers.
10:36 of 1st period - Deflect By Drew Doughty.
10:36 of 1st period - Stopped by Ryan Miller with a rebound.
10:38 of 1st period - Slapshot by Marco Scandella.
10:38 of 1st period - Deflect By Derek Stepan.
10:38 of 1st period - Stopped by Ryan Miller with a rebound.
10:40 of 1st period - Slapshot by Tyler Myers.
10:40 of 1st period - Shot Misses the Net.
10:42 of 1st period - Snap shot by Derek Stepan.
10:42 of 1st period - Shot Misses the Net.
10:44 of 1st period - Snap shot by Marcus Johansson.
10:44 of 1st period - Shot Blocked by Mike Cammalleri.
10:55 of 1st period - Drew Doughty is hit by Tyler Myers and loses puck.
10:59 of 1st period - Icing by Reilly Smith.
11:00 of 1st period - Derek Roy wins face-off versus T.J. Hensick in Jets zone.
11:07 of 1st period - Marco Scandella is hit by Oskar Osala and loses puck.
11:22 of 1st period - Snap shot by Reilly Smith.
11:22 of 1st period - Stopped by Ryan Miller without a rebound.
11:23 of 1st period - Jason Spezza wins face-off versus Derek Stepan in Sharks zone.
11:48 of 1st period - Brandon Dubinsky is hit by Brenden Morrow and loses puck.
12:29 of 1st period - Snap shot by Stefan Ruzicka.
12:29 of 1st period - Shot Misses the Net.
12:31 of 1st period - Slapshot by T.J. Hensick.
12:31 of 1st period - Shot Misses the Net.
12:51 of 1st period - Snap shot by Derek Stepan.
12:51 of 1st period - Goal by Derek Stepan - Jets : 2 - Sharks : 0.
12:52 of 1st period - Derek Stepan wins face-off versus Bobby Butler in neutral zone.
13:19 of 1st period - Eric Gelinas is hit by Brandon Dubinsky and loses puck.
13:40 of 1st period - Wrist shot by Derek Roy.
13:40 of 1st period - Shot Blocked by Ben Lovejoy.
13:48 of 1st period - Snap shot by Derek Roy.
13:48 of 1st period - Stopped by Ryan Miller with a rebound.
13:50 of 1st period - Slapshot by Erik Haula.
13:50 of 1st period - Shot Blocked by Luke Adam.
14:01 of 1st period - Off-side.
14:02 of 1st period - T.J. Hensick wins face-off versus Noel Acciari in neutral zone.
14:09 of 1st period - Snap shot by T.J. Hensick.
14:09 of 1st period - Shot Misses the Net.
14:19 of 1st period - Oskar Osala is hit by Noel Acciari and loses puck.
14:47 of 1st period - Snap shot by Ronalds Kenins.
14:47 of 1st period - Shot Blocked by Andrej Sekera.
14:52 of 1st period - Icing by Stefan Ruzicka.
14:53 of 1st period - Derek Stepan wins face-off versus T.J. Hensick in Sharks zone.
14:56 of 1st period - Snap shot by Derek Stepan.
14:56 of 1st period - Shot Blocked by Andrej Sekera.
16:05 of 1st period - Slapshot by Brandon Dubinsky.
16:05 of 1st period - Shot Blocked by Tyler Myers.
16:30 of 1st period - Backhand shot by Tyler Myers.
16:30 of 1st period - Stopped by Ryan Miller with a rebound.
16:38 of 1st period - Slapshot by Drew Doughty.
16:38 of 1st period - Shot Blocked by Marco Scandella.
16:56 of 1st period - Snap shot by Derek Roy.
16:56 of 1st period - Goal by Derek Roy - Jets : 3 - Sharks : 0.
16:57 of 1st period - Mike Cammalleri wins face-off versus Derek Stepan in neutral zone.
17:20 of 1st period - Minor Penalty to Drew Doughty for Holding.
17:21 of 1st period - Jason Spezza wins face-off versus Marcus Johansson in Sharks zone.
19:20 of 1st period - Penalty to Drew Doughty is over, Drew Doughty is back on ice.
19:22 of 1st period - Snap shot by Brenden Morrow.
19:22 of 1st period - Stopped by Ryan Miller without a rebound.
19:23 of 1st period - Jiri Tlusty wins face-off versus Noel Acciari in Sharks zone.
19:23 of 1st period - Jiri Tlusty is hit by Eric Gelinas.
19:29 of 1st period - Jared Spurgeon is hit by Zach Boychuk and loses puck.
19:38 of 1st period - Luke Adam is hit by Jared Spurgeon and loses puck.
19:49 of 1st period - Noel Acciari is hit by Brandon Dubinsky.
Goals for this period are 3 for Jets vs 0 for Sharks.
Shots for this period are 14 for Jets vs 4 for Sharks.
2nd period
0:01 of 2nd period - Jason Spezza wins face-off versus Sam Gagner in neutral zone.
0:03 of 2nd period - Ben Lovejoy is hit by Brenden Morrow.
0:18 of 2nd period - Tyler Myers is hit by Ben Lovejoy.
0:31 of 2nd period - Martins Karsums is hit by Evgeny Dadonov and loses puck.
1:22 of 2nd period - Backhand shot by Stefan Ruzicka.
1:22 of 2nd period - Stopped by Jonathan Bernier without a rebound.
1:23 of 2nd period - Jason Spezza wins face-off versus Derek Stepan in Jets zone.
1:24 of 2nd period - Wrist shot by David Rundblad.
1:24 of 2nd period - Deflect By Bobby Butler.
1:24 of 2nd period - Shot Hit the Post.
1:24 of 2nd period - Puck is out of play.
1:25 of 2nd period - Derek Stepan wins face-off versus Jason Spezza in Jets zone.
1:25 of 2nd period - Derek Stepan is hit by Jason Spezza.
1:50 of 2nd period - Marco Scandella is hit by Brandon Dubinsky and loses puck.
2:39 of 2nd period - Snap shot by Oskar Osala.
2:39 of 2nd period - Stopped by Jonathan Bernier with a rebound.
2:45 of 2nd period - Eric Gelinas is hit by Oskar Osala and loses puck.
3:06 of 2nd period - Wrist shot by T.J. Hensick.
3:06 of 2nd period - Shot Misses the Net.
3:08 of 2nd period - Slapshot by Drew Doughty.
3:08 of 2nd period - Stopped by Jonathan Bernier with a rebound.
3:10 of 2nd period - Slapshot by Drew Doughty.
3:10 of 2nd period - Shot Blocked by Derek Stepan.
3:19 of 2nd period - Off-side.
3:20 of 2nd period - Jason Spezza wins face-off versus Sam Gagner in neutral zone.
3:27 of 2nd period - Slapshot by Mike Cammalleri.
3:27 of 2nd period - Stopped by Jonathan Bernier without a rebound.
3:28 of 2nd period - Sam Gagner wins face-off versus Jason Spezza in Jets zone.
3:28 of 2nd period - Sam Gagner is hit by Jason Spezza.
3:34 of 2nd period - Slapshot by Oscar Klefbom.
3:34 of 2nd period - Deflect By Jason Spezza.
3:34 of 2nd period - Stopped by Ryan Miller with a rebound.
3:36 of 2nd period - Slapshot by Oscar Klefbom.
3:36 of 2nd period - Stopped by Ryan Miller with a rebound.
3:38 of 2nd period - Slapshot by Oscar Klefbom.
3:38 of 2nd period - Stopped by Ryan Miller with a rebound.
3:40 of 2nd period - Wrist shot by Sam Gagner.
3:40 of 2nd period - Stopped by Ryan Miller with a rebound.
3:48 of 2nd period - Wrist shot by Nino Niederreiter.
3:48 of 2nd period - Stopped by Ryan Miller without a rebound.
3:49 of 2nd period - Brandon Dubinsky wins face-off versus Derek Stepan in Sharks zone.
3:51 of 2nd period - Minor Penalty to Martins Karsums for Tripping.
3:52 of 2nd period - Jason Spezza wins face-off versus Derek Stepan in Sharks zone.
4:05 of 2nd period - Snap shot by Derek Stepan.
4:05 of 2nd period - Stopped by Ryan Miller with a rebound.
4:07 of 2nd period - Snap shot by Nino Niederreiter.
4:07 of 2nd period - Stopped by Ryan Miller with a rebound.
5:51 of 2nd period - Penalty to Martins Karsums is over, Martins Karsums is back on ice.
6:06 of 2nd period - Oskar Osala is hit by Eric Gelinas and loses puck.
6:19 of 2nd period - Snap shot by Ronalds Kenins.
6:19 of 2nd period - Shot Misses the Net.
6:29 of 2nd period - Jaccob Slavin is hit by Oskar Osala and loses puck.
7:44 of 2nd period - David Rundblad is hit by Marcus Johansson and loses puck.
8:05 of 2nd period - Eric Gelinas is hit by David Rundblad and loses puck.
8:20 of 2nd period - Drew Doughty is hit by Nino Niederreiter and loses puck.
8:40 of 2nd period - Martins Karsums is hit by Derek Stepan and loses puck.
8:57 of 2nd period - Alec Martinez is hit by Tyler Myers and loses puck.
9:14 of 2nd period - Nino Niederreiter is hit by Oskar Osala and loses puck.
9:36 of 2nd period - Slapshot by Jiri Tlusty.
9:36 of 2nd period - Stopped by Jonathan Bernier without a rebound.
9:37 of 2nd period - Derek Stepan wins face-off versus Jason Spezza in Jets zone.
9:37 of 2nd period - Derek Stepan is hit by Mike Cammalleri.
9:53 of 2nd period - Wrist shot by Marcus Johansson.
9:53 of 2nd period - Stopped by Ryan Miller with a rebound.
10:35 of 2nd period - Snap shot by Oskar Osala.
10:35 of 2nd period - Shot Blocked by Jared Spurgeon.
11:14 of 2nd period - Minor Penalty to Mike Cammalleri for Slashing.
11:15 of 2nd period - Jason Spezza wins face-off versus Nino Niederreiter in Sharks zone.
11:22 of 2nd period - Slapshot by Marco Scandella.
11:22 of 2nd period - Stopped by Ryan Miller without a rebound.
11:23 of 2nd period - Derek Stepan wins face-off versus Jason Spezza in Sharks zone.
11:40 of 2nd period - Snap shot by Derek Stepan.
11:40 of 2nd period - Stopped by Ryan Miller without a rebound.
11:41 of 2nd period - Derek Roy wins face-off versus Jason Spezza in Sharks zone.
12:23 of 2nd period - Icing by Marcus Johansson.
12:24 of 2nd period - Stefan Ruzicka wins face-off versus Derek Stepan in Jets zone.
12:25 of 2nd period - Snap shot by Milan Michalek.
12:25 of 2nd period - Stopped by Jonathan Bernier with a rebound.
12:31 of 2nd period - Slapshot by Tyler Myers.
12:31 of 2nd period - Shot Blocked by Matt Corrente.
12:33 of 2nd period - Slapshot by Derek Stepan.
12:33 of 2nd period - Stopped by Ryan Miller with a rebound.
13:14 of 2nd period - Penalty to Mike Cammalleri is over, Mike Cammalleri is back on ice.
13:28 of 2nd period - Wrist shot by Ronalds Kenins.
13:28 of 2nd period - Stopped by Ryan Miller with a rebound.
13:50 of 2nd period - Wrist shot by Zach Boychuk.
13:50 of 2nd period - Goal by Zach Boychuk - Jets : 3 - Sharks : 1.
13:51 of 2nd period - Brandon Dubinsky wins face-off versus Derek Stepan in neutral zone.
14:02 of 2nd period - Wrist shot by Martins Karsums.
14:02 of 2nd period - Stopped by Jonathan Bernier without a rebound.
14:03 of 2nd period - Jason Spezza wins face-off versus Evgeny Dadonov in Jets zone.
14:10 of 2nd period - Wrist shot by Jason Spezza.
14:10 of 2nd period - Shot Blocked by Derek Stepan.
14:12 of 2nd period - Slapshot by Ben Lovejoy.
14:12 of 2nd period - Stopped by Jonathan Bernier without a rebound.
14:13 of 2nd period - Derek Stepan wins face-off versus Bobby Butler in Jets zone.
14:40 of 2nd period - Wrist shot by Jason Spezza.
14:40 of 2nd period - Stopped by Jonathan Bernier with a rebound.
14:44 of 2nd period - Slapshot by Drew Doughty.
14:44 of 2nd period - Stopped by Jonathan Bernier without a rebound.
14:45 of 2nd period - Brandon Dubinsky wins face-off versus Sam Gagner in Jets zone.
14:49 of 2nd period - Icing by Jaccob Slavin.
14:50 of 2nd period - Sam Gagner wins face-off versus Brandon Dubinsky in Jets zone.
15:36 of 2nd period - Icing by Derek Stepan.
15:37 of 2nd period - Derek Roy wins face-off versus T.J. Hensick in Jets zone.
15:46 of 2nd period - Jaccob Slavin is hit by Oskar Osala and loses puck.
16:07 of 2nd period - Slapshot by Drew Doughty.
16:07 of 2nd period - Shot Blocked by Nino Niederreiter.
16:09 of 2nd period - Slapshot by Ben Lovejoy.
16:09 of 2nd period - Stopped by Jonathan Bernier with a rebound.
16:11 of 2nd period - Wrist shot by Drew Doughty.
16:11 of 2nd period - Shot Misses the Net.
16:13 of 2nd period - Slapshot by Ben Lovejoy.
16:13 of 2nd period - Shot Misses the Net.
16:29 of 2nd period - T.J. Hensick is hit by Marcus Johansson.
16:43 of 2nd period - Snap shot by Noel Acciari.
16:43 of 2nd period - Stopped by Ryan Miller without a rebound.
16:44 of 2nd period - Jason Spezza wins face-off versus Noel Acciari in Sharks zone.
16:49 of 2nd period - Ronalds Kenins is hit by Andrej Sekera and loses puck.
17:17 of 2nd period - Milan Michalek is hit by Eric Gelinas and loses puck.
17:34 of 2nd period - Snap shot by Reilly Smith.
17:34 of 2nd period - Stopped by Ryan Miller without a rebound.
17:35 of 2nd period - Zach Boychuk wins face-off versus Derek Roy in Sharks zone.
18:44 of 2nd period - Snap shot by T.J. Hensick.
18:44 of 2nd period - Shot Misses the Net.
18:46 of 2nd period - Snap shot by Stefan Ruzicka.
18:46 of 2nd period - Deflect By T.J. Hensick.
18:46 of 2nd period - Stopped by Jonathan Bernier without a rebound.
18:47 of 2nd period - Jason Spezza wins face-off versus Marcus Johansson in Jets zone.
18:48 of 2nd period - Slapshot by Bobby Butler.
18:48 of 2nd period - Shot Misses the Net.
18:50 of 2nd period - Slapshot by Bobby Butler.
18:50 of 2nd period - Stopped by Jonathan Bernier with a rebound.
18:52 of 2nd period - Slapshot by Andrej Sekera.
18:52 of 2nd period - Shot Misses the Net.
18:54 of 2nd period - Slapshot by David Rundblad.
18:54 of 2nd period - Stopped by Jonathan Bernier with a rebound.
19:39 of 2nd period - Wrist shot by Oskar Osala.
19:39 of 2nd period - Shot Blocked by Jared Spurgeon.
19:41 of 2nd period - Wrist shot by Andrej Sekera.
19:41 of 2nd period - Shot Misses the Net.
19:43 of 2nd period - Snap shot by Stefan Ruzicka.
19:43 of 2nd period - Shot Misses the Net.
19:47 of 2nd period - Wrist shot by Oskar Osala.
19:47 of 2nd period - Stopped by Jonathan Bernier without a rebound.
19:48 of 2nd period - Derek Stepan wins face-off versus Jason Spezza in Jets zone.
Goals for this period are 0 for Jets vs 1 for Sharks.
Shots for this period are 14 for Jets vs 16 for Sharks.
3rd period
0:01 of 3rd period - Evgeny Dadonov wins face-off versus Bobby Butler in neutral zone.
0:31 of 3rd period - Slapshot by Martins Karsums.
0:31 of 3rd period - Stopped by Jonathan Bernier with a rebound.
0:33 of 3rd period - Slapshot by Drew Doughty.
0:33 of 3rd period - Shot Misses the Net.
1:15 of 3rd period - Slapshot by Oscar Klefbom.
1:15 of 3rd period - Deflect By Marcus Johansson.
1:15 of 3rd period - Stopped by Ryan Miller with a rebound.
1:37 of 3rd period - Wrist shot by Jason Spezza.
1:37 of 3rd period - Shot Misses the Net.
3:15 of 3rd period - Icing by Bobby Butler.
3:16 of 3rd period - Jason Spezza wins face-off versus Derek Roy in Sharks zone.
3:18 of 3rd period - Icing by David Rundblad.
3:19 of 3rd period - Derek Stepan wins face-off versus Jason Spezza in Sharks zone.
3:29 of 3rd period - Minor Penalty to Jason Spezza for Tripping.
3:30 of 3rd period - Derek Stepan wins face-off versus Stefan Ruzicka in Sharks zone.
4:09 of 3rd period - Icing by Erik Haula.
4:10 of 3rd period - Derek Roy wins face-off versus Stefan Ruzicka in Jets zone.
4:55 of 3rd period - Wrist shot by Derek Roy.
4:55 of 3rd period - Shot Blocked by Andrej Sekera.
5:03 of 3rd period - Snap shot by Derek Roy.
5:03 of 3rd period - Shot Misses the Net.
5:05 of 3rd period - Slapshot by Tyler Myers.
5:05 of 3rd period - Shot Blocked by Matt Corrente.
5:07 of 3rd period - Slapshot by Erik Haula.
5:07 of 3rd period - Shot Misses the Net.
5:09 of 3rd period - Snap shot by Derek Roy.
5:09 of 3rd period - Deflect By Erik Haula.
5:09 of 3rd period - Shot Blocked by Mike Cammalleri.
5:09 of 3rd period - Puck is out of play.
5:10 of 3rd period - T.J. Hensick wins face-off versus Nino Niederreiter in Sharks zone.
5:29 of 3rd period - Penalty to Jason Spezza is over, Jason Spezza is back on ice.
5:41 of 3rd period - Off-side.
5:42 of 3rd period - Noel Acciari wins face-off versus Luke Adam in neutral zone.
6:07 of 3rd period - Snap shot by T.J. Hensick.
6:07 of 3rd period - Shot Misses the Net.
6:33 of 3rd period - Jared Spurgeon is hit by Mike Cammalleri and loses puck.
6:50 of 3rd period - Jiri Tlusty is hit by Erik Haula and loses puck.
7:55 of 3rd period - Jaccob Slavin is hit by Ben Lovejoy and loses puck.
8:27 of 3rd period - Brandon Dubinsky is hit by Erik Haula and loses puck.
8:40 of 3rd period - Bobby Butler is hit by Ronalds Kenins and loses puck.
8:45 of 3rd period - Snap shot by Kevin Hayes.
8:45 of 3rd period - Stopped by Ryan Miller without a rebound.
8:46 of 3rd period - Jason Spezza wins face-off versus Derek Stepan in Sharks zone.
9:18 of 3rd period - Snap shot by Brandon Dubinsky.
9:18 of 3rd period - Shot Misses the Net.
9:20 of 3rd period - Snap shot by Ben Lovejoy.
9:20 of 3rd period - Stopped by Jonathan Bernier with a rebound.
9:54 of 3rd period - Slapshot by Oskar Osala.
9:54 of 3rd period - Shot Misses the Net.
9:56 of 3rd period - Slapshot by T.J. Hensick.
9:56 of 3rd period - Shot Misses the Net.
10:17 of 3rd period - Slapshot by Derek Stepan.
10:17 of 3rd period - Shot Misses the Net.
10:19 of 3rd period - Slapshot by Marco Scandella.
10:19 of 3rd period - Stopped by Ryan Miller with a rebound.
10:21 of 3rd period - Wrist shot by Tyler Myers.
10:21 of 3rd period - Shot Blocked by Mike Cammalleri.
10:23 of 3rd period - Slapshot by Evgeny Dadonov.
10:23 of 3rd period - Stopped by Ryan Miller without a rebound.
10:24 of 3rd period - Marcus Johansson wins face-off versus Brandon Dubinsky in Sharks zone.
10:37 of 3rd period - Slapshot by Ben Lovejoy.
10:37 of 3rd period - Shot Blocked by Eric Gelinas.
10:39 of 3rd period - Wrist shot by Milan Michalek.
10:39 of 3rd period - Shot Misses the Net.
10:51 of 3rd period - Jason Spezza is hit by Eric Gelinas and loses puck.
11:11 of 3rd period - Off-side.
11:12 of 3rd period - Luke Adam wins face-off versus Sam Gagner in neutral zone.
11:33 of 3rd period - Minor Penalty to Brenden Morrow for Roughing.
11:34 of 3rd period - Derek Roy wins face-off versus Jason Spezza in Jets zone.
11:41 of 3rd period - Backhand shot by Derek Roy.
11:41 of 3rd period - Shot Misses the Net.
12:00 of 3rd period - Icing by Brandon Dubinsky.
12:01 of 3rd period - Derek Roy wins face-off versus Brandon Dubinsky in Sharks zone.
12:14 of 3rd period - Slapshot by Drew Doughty.
12:14 of 3rd period - Deflect By Jason Spezza.
12:14 of 3rd period - Shot Misses the Net.
12:14 of 3rd period - Puck is out of play.
12:15 of 3rd period - Jason Spezza wins face-off versus Derek Roy in Jets zone.
12:51 of 3rd period - Snap shot by Drew Doughty.
12:51 of 3rd period - Deflect By Martins Karsums.
12:51 of 3rd period - Stopped by Jonathan Bernier with a rebound.
13:19 of 3rd period - Jared Spurgeon is hit by Andrej Sekera and loses puck.
13:33 of 3rd period - Penalty to Brenden Morrow is over, Brenden Morrow is back on ice.
14:39 of 3rd period - Snap shot by Martins Karsums.
14:39 of 3rd period - Stopped by Jonathan Bernier without a rebound.
14:40 of 3rd period - Sam Gagner wins face-off versus Jason Spezza in Jets zone.
15:18 of 3rd period - Wrist shot by Brandon Dubinsky.
15:18 of 3rd period - Deflect By Marco Scandella.
15:18 of 3rd period - Stopped by Jonathan Bernier without a rebound.
15:19 of 3rd period - Ronalds Kenins wins face-off versus Brandon Dubinsky in Jets zone.
15:30 of 3rd period - Snap shot by Kevin Hayes.
15:30 of 3rd period - Deflect By Drew Doughty.
15:30 of 3rd period - Shot Misses the Net.
15:30 of 3rd period - Puck is out of play.
15:31 of 3rd period - Jason Spezza wins face-off versus Derek Roy in Sharks zone.
15:31 of 3rd period - Jason Spezza is hit by Marco Scandella.
15:43 of 3rd period - Slapshot by Ben Lovejoy.
15:43 of 3rd period - Deflect By Jason Spezza.
15:43 of 3rd period - Shot Misses the Net.
15:43 of 3rd period - Puck is out of play.
15:44 of 3rd period - Jason Spezza wins face-off versus Derek Roy in Jets zone.
15:44 of 3rd period - Jason Spezza is hit by Tyler Myers.
16:06 of 3rd period - Minor Penalty to Bobby Butler for Roughing.
16:07 of 3rd period - Derek Stepan wins face-off versus Jason Spezza in Sharks zone.
16:12 of 3rd period - Wrist shot by Derek Stepan.
16:12 of 3rd period - Shot Misses the Net.
16:59 of 3rd period - Andrej Sekera is hit by Erik Haula and loses puck.
17:08 of 3rd period - Snap shot by Evgeny Dadonov.
17:08 of 3rd period - Shot Misses the Net.
17:35 of 3rd period - Milan Michalek is hit by Eric Gelinas.
18:04 of 3rd period - Icing by Derek Stepan.
18:05 of 3rd period - Jason Spezza wins face-off versus Derek Stepan in Jets zone.
18:06 of 3rd period - Penalty to Bobby Butler is over, Bobby Butler is back on ice.
18:14 of 3rd period - Slapshot by Ben Lovejoy.
18:14 of 3rd period - Shot Misses the Net.
18:38 of 3rd period - Snap shot by Derek Stepan.
18:38 of 3rd period - Shot Misses the Net.
19:22 of 3rd period - Snap shot by Derek Stepan.
19:22 of 3rd period - Shot Misses the Net.
19:30 of 3rd period - Snap shot by Jason Spezza.
19:30 of 3rd period - Stopped by Jonathan Bernier with a rebound.
19:32 of 3rd period - Slapshot by Drew Doughty.
19:32 of 3rd period - Stopped by Jonathan Bernier with a rebound.
19:48 of 3rd period - Snap shot by Derek Stepan.
19:48 of 3rd period - Shot Misses the Net.
19:50 of 3rd period - Snap shot by Marcus Johansson.
19:50 of 3rd period - Shot Blocked by Drew Doughty.
Goals for this period are 0 for Jets vs 0 for Sharks.
Shots for this period are 4 for Jets vs 7 for Sharks.
Back to the Top